[Event "Team 45 45 League T30"]
[Site "Internet Chess Club"]
[Date "2006.04.01"]
[Round "2"]
[White "GoIrish"]
[Black "Ulrika"]
[Result "1-0"]
[WhiteElo "1634"]
[BlackElo "1613"]
[TimeControl "2700+45"]

1. Nf3 Nf6 2. g3 c5 3. Bg2 d5 4. O-O Nc6 5. d3 e5 6. Nbd2 Be7 7. e4 d4 8. Nc4
Qc7 9. Ne1 b5 10. Nd2 O-O 11. f4 Ng4 12. Nb1 exf4 13. gxf4 Bh4 14. Nf3 Be7 15.
h3 Ne3 16. Bxe3 dxe3 17. e5 Nd4 18. Nxd4 cxd4 19. Bxa8 Bxh3 20. Bg2 Bf5 21. c3
Bc5 22. cxd4 Bxd4 23. Qe2 Qd7 24. Nc3 Bg4 25. Bf3 Bxf3 26. Rxf3 Qg4+ 27. Kh2
Qh4+ 28. Rh3 Qxf4+ 29. Kg2 Qxe5 30. Rah1 Qg5+ 31. Rg3 Qf5 32. Rf1 Qe6 33. Qg4
Qc6+ 34. Kh2 Qh6+ 35. Qh3 Qe6 36. Qxe6 fxe6 37. Rxf8+ Kxf8 38. Rf3+ Ke7 39. Ne2
Bxb2 40. Rxe3 Kd6 41. Kg3 a5 42. Kg4 a4 43. Re4 Bf6 44. Nd4 b4 45. Nxe6 b3 46.
axb3 a3 47. Nd4 a2 48. Nc2 a1=Q 49. Nxa1 Bxa1 50. Kf5 g6+ 51. Kg4 Bc3 52. b4 Bd2
53. b5 h5+ 54. Kh3 g5 55. b6 Kc6 56. Re6+ Kb7 57. Rh6 h4 58. Kg4 Be3 59. Rg6
Bxb6 60. Rxg5 Bf2 61. Kf5 Kc6 62. Ke6 Bg3 63. d4 Kc7 64. d5 Bf2 65. d6+ Kc6 66.
d7 Bb6 67. Rg8 h3 68. d8=Q Bxd8 69. Rxd8 h2 70. Rh8 h1=Q 71. Rxh1 Kc5 72. Rd1
Kc4 73. Rd5 Kc3 74. Ke5 Kc4 75. Ke4 Kc3 76. Rd4 Kc2 77. Ke3 Kc3 78. Ke4 Kc2 79.
Rd3 Kb2 80. Ke3 Kc2 81. Kd4 Kb2 82. Rc3 Ka2 83. Kc5 Kb2 84. Kc4 Kb1 85. Kb3
{Black resigns} 1-0  aics%

[Event "Team 45 45 League T30"]
[Site "Internet Chess Club"]
[Date "2006.04.05"]
[Round "2"]
[White "Gandalf"]
[Black "Boromir"]
[Result "0-1"]
[WhiteElo "1776"]
[BlackElo "1903"]
[TimeControl "2700+45"]

1. d4 Nf6 2. Nf3 d5 3. Bg5 Ne4 4. Bf4 c5 5. c3 cxd4 6. cxd4 Nc6 7. e3 e5 8. dxe5
g5 9. Bg3 Bb4+ 10. Nfd2 h5 11. f4 Qb6 12. Qb3 Be6 13. Qd3 Ba5 14. Qb3 Qc5 15.
Bb5 Qc1+ 16. Qd1 Qxb2 17. O-O Qxb5 18. Nxe4 dxe4 19. Nd2 Qd3 20. Nb3 Qxd1 21.
Raxd1 Bb6 22. Bf2 Bxb3 23. axb3 gxf4 24. exf4 Bxf2+ 25. Kxf2 Rd8 26. Ke3 Ke7 27.
Kxe4 Rxd1 28. Rxd1 Rd8 29. Rxd8 Nxd8 30. Kd5 Ne6 31. g3 Ng7 32. h3 Nf5 33. g4
hxg4 34. hxg4 Ne3+ 35. Ke4 Nxg4 36. Kd5 Nf2 37. f5 Ng4 38. Ke4 a5 39. f6+ Ke6
40. Kd4 Nxe5 {White resigns} 0-1

[Event "Team 45 45 League T30"]
[Site "Internet Chess Club"]
[Date "2006.04.03"]
[Round "2"]
[White "JohnnySP"]
[Black "camembert"]
[Result "1/2-1/2"]
[WhiteElo "1809"]
[BlackElo "1914"]
[TimeControl "2700+45"]

1. e4 e5 2. Nf3 Nc6 3. Bb5 a6 4. Ba4 Nf6 5. O-O Nxe4 6. d4 b5 7. Bb3 d5 8. Nxe5
Nxe5 9. dxe5 c6 10. a4 Bf5 11. axb5 axb5 12. Rxa8 Qxa8 13. c3 Nxf2 14. Qf3 Bxb1
15. Qxf2 Qb7 16. Be3 Bd3 17. Ra1 Qc8 18. Ra7 Qf5 19. Ra8+ Kd7 20. Ra7+ Ke6 21.
Ra6 Qxf2+ 22. Kxf2 Kd7 23. Ra7+ Ke6 24. Rc7 Bc4 25. Bxc4 bxc4 26. Rxc6+ Kd7
{Game drawn by mutual agreement} 1/2-1/2  aics%  LeChessClub(340): normally I
would say that was a bit harsh but.... aics%

[Event "Team 45 45 League T30"]
[Site "Internet Chess Club"]
[Date "2006.04.03"]
[Round "2"]
[White "pokerram"]
[Black "Rainbird"]
[Result "1-0"]
[WhiteElo "1666"]
[BlackElo "1666"]
[TimeControl "2700+45"]

1. d4 Nf6 2. c4 e6 3. Nf3 d5 4. cxd5 exd5 5. Nc3 c6 6. Bf4 Be7 7. e3 Bf5 8. Bd3
Bxd3 9. Qxd3 Nbd7 10. O-O O-O 11. a3 a5 12. Rfe1 Re8 13. Ne5 Bd6 14. Nxd7 Qxd7
15. Bxd6 Qxd6 16. e4 Nxe4 17. Nxe4 Qg6 18. Nc5 f5 19. Qg3 Qf7 20. Nd3 Qf6 21.
Rxe8+ Rxe8 22. Re1 Rxe1+ 23. Nxe1 f4 24. Qd3 Qe6 25. Kf1 a4 26. Qe2 Qf7 27. Qe5
g6 28. f3 h6 29. h4 Kh7 30. Nd3 b6 31. Nxf4 Kg8 32. Qe6 g5 33. Qxf7+ Kxf7 34.
hxg5 hxg5 35. Nd3 Ke6 36. g4 Kd6 37. Ke2 c5 38. dxc5+ bxc5 39. f4 c4 40. f5
cxd3+ 41. Kxd3 Ke5 42. Kc3 d4+ 43. Kd3 Kd5 44. f6 Ke6 45. f7 Kxf7 46. Kxd4 Kf6
47. Kd5 Kf7 48. Ke5 Kg6 49. Ke6 Kg7 50. Kf5 Kf7 51. Kxg5 Ke6 52. Kh6 Kd5 53. g5
Kc4 54. g6 Kb3 55. g7 Kxb2 56. g8=Q Kxa3 57. Qb8 Ka2 58. Qb4 a3 59. Kg5 {Black
resigns} 1-0  aics%

[Event "Team 45 45 League T30"]
[Site "Internet Chess Club"]
[Date "2006.04.04"]
[Round "2"]
[White "DavidBarnsley"]
[Black "Knightstorm57"]
[Result "1-0"]
[WhiteElo "2006"]
[BlackElo "1843"]
[TimeControl "2700+45"]

1. d4 g6 2. e4 Bg7 3. c3 d6 4. Bd3 e6 5. Nf3 Nd7 6. Bg5 Ne7 7. Nbd2 h6 8. Bh4 a6
9. O-O b6 10. Re1 O-O 11. e5 d5 12. a4 Qe8 13. h3 Nf5 14. a5 Nxh4 15. Nxh4 b5
16. b4 Qd8 17. Qg4 g5 18. Nhf3 f5 19. exf6 Nxf6 20. Qg3 Nh5 21. Qh2 Nf4 22. Bc2
Qf6 23. Ne5 Qe7 24. g3 Bxe5 25. Rxe5 Nh5 26. Rae1 c6 27. h4 Nf6 28. Bf5 Qf7 29.
Rxe6 Ne4 30. Rg6+ Qxg6 31. Bxg6 Nxd2 32. Re3 g4 33. Qg2 Nf3+ 34. Kh1 Ra7 35. Qf1
Rg7 36. Qd3 Bd7 37. h5 Ng5 38. Re2 Nh3 39. Qe3 Ng5 40. Qe5 Be6 41. Qd6 Bd7 42.
Kg2 Ne4 43. Bxe4 dxe4 44. Qxh6 Rh7 45. Qg6+ Rg7 46. Qd6 Rf5 47. Rxe4 Rxh5 48.
Re7 Rd5 49. Qb8+ Kh7 50. Rxg7+ Kxg7 51. Qa7 {Black resigns} 1-0  aics%

[Event "Team 45 45 League T30"]
[Site "Internet Chess Club"]
[Date "2006.04.05"]
[Round "2"]
[White "rss"]
[Black "MrShaw"]
[Result "0-1"]
[WhiteElo "1790"]
[BlackElo "1752"]
[TimeControl "2700+45"]

1. e4 e6 2. d3 d5 3. Nd2 c5 4. Ngf3 Nc6 5. g3 Bd6 6. Bg2 Nge7 7. O-O O-O 8. c3
Qc7 9. Re1 f6 10. Qe2 Bd7 11. a3 a5 12. a4 d4 13. cxd4 cxd4 14. Nc4 Rac8 15. Bd2
Nb4 16. Rec1 Nec6 17. Bxb4 Bxb4 18. Nfd2 e5 19. Qh5 Qd8 20. Bh3 Bxh3 21. Qxh3
Bxd2 22. Nxd2 Nb4 23. Qe6+ Kh8 24. Qb3 Qd7 25. Nc4 Qf7 26. Qd1 Qc7 27. Kg2 f5
28. Ne3 Qd7 29. Nxf5 g6 30. Nh4 Qf7 31. Nf3 g5 32. Rxc8 Rxc8 33. Nxe5 Qe6 34.
Nc4 Nxd3 35. Qxd3 Qxc4 36. Qxc4 Rxc4 37. b3 Rc3 38. Rb1 Kg7 39. Kf1 Kf6 40. b4
Ke5 41. bxa5 Kxe4 42. Rxb7 Ra3 43. Rb4 Kf3 44. Ke1 Ke4 45. a6 Kd3 46. f4 Ke3 47.
Kd1 d3 48. Rb1 Rxa4 49. fxg5 Rxa6 50. h4 Ra2 51. h5 Rg2 52. Kc1 Rg1+ 53. Kb2
Rxb1+ {White resigns} 0-1  aics%

[Event "Team 45 45 League T30"]
[Site "Internet Chess Club"]
[Date "2006.04.02"]
[Round "2"]
[White "Chessnut"]
[Black "Ferreruela"]
[Result "1-0"]
[WhiteElo "1917"]
[BlackElo "1714"]
[TimeControl "2700+45"]

1. e4 c5 2. Nf3 Nc6 3. d4 cxd4 4. Nxd4 Nf6 5. Nc3 g6 6. Be3 Bg7 7. f3 Qb6 8. Nf5
Qxb2 9. Nxg7+ Kf8 10. Na4 Qa3 11. c3 Kxg7 12. Bc5 {Black resigns} 1-0  aics%

[Event "Team 45 45 League T30"]
[Site "Internet Chess Club"]
[Date "2006.04.02"]
[Round "2"]
[White "qs16"]
[Black "burnsja2003"]
[Result "0-1"]
[WhiteElo "1582"]
[BlackElo "1727"]
[TimeControl "2700+45"]

1. e4 c5 2. Nf3 e6 3. c3 d5 4. e5 d4 5. cxd4 cxd4 6. Qa4+ Nc6 7. Bb5 Bd7 8. d3
Bc5 9. O-O a6 10. Bxc6 Bxc6 11. Qd1 Ne7 12. Bg5 Qc7 13. Nbd2 Ng6 14. Re1 Qd7 15.
Rc1 Qd5 16. Ne4 Bb4 17. Bd2 Be7 18. Bg5 Bxg5 19. Rc5 Qd7 20. Nd6+ Kf8 21. Nxg5
Nxe5 22. Rcxe5 Qxd6 23. Qh5 Qe7 24. Nxe6+ fxe6 25. Rxe6 Be8 26. Qf5+ Qf7 27.
Qc5+ Kg8 28. Re7 Qg6 29. Qd5+ Kf8 30. Qf3+ Kg8 31. Qd5+ Kf8 32. Qxd4 Bc6 33. g3
h5 34. h3 Kg8 35. R7e6 Qf5 36. R6e5 Qf3 37. Qc4+ Kh7 38. Rxh5+ Qxh5 {White
resigns} 0-1  aics%

[Event "Team 45 45 League T30"]
[Site "Internet Chess Club"]
[Date "2006.03.30"]
[Round "2"]
[White "Hazy"]
[Black "achessman"]
[Result "1-0"]
[WhiteElo "1830"]
[BlackElo "2016"]
[TimeControl "2700+45"]

1. e4 e5 2. Nf3 Nf6 3. Nxe5 d6 4. Nf3 Nxe4 5. d3 Nf6 6. Nc3 d5 7. d4 Bd6 8. Bg5
Be6 9. Ne2 h6 10. Bh4 g5 11. Bg3 Nc6 12. Ne5 Bxe5 13. dxe5 Ng4 14. Nd4 Ngxe5 15.
Bb5 O-O 16. Bxc6 Nxc6 17. Nxc6 bxc6 18. Qd4 Qe7 19. O-O-O Rab8 20. h4 g4 21. h5
c5 22. Qe3 Kh7 23. Rxd5 Qf6 24. Be5 Qe7 25. Bc3 Rbe8 26. Re1 Bxd5 27. Qxe7 Rxe7
28. Rxe7 c6 29. Rxa7 Bxg2 30. a4 Bd5 31. Re7 Ra8 32. a5 Kg8 33. Rc7 Kf8 34. Bf6
Be6 35. Bc3 Bd5 36. Kd2 Ke8 37. Ke3 Kd8 38. Rb7 Kc8 39. Re7 Be6 40. Re8+ Kb7 41.
Rxa8 Kxa8 42. Kf4 Ba2 43. Kxg4 Bb1 44. Bg7 Bxc2 45. Bxh6 Kb7 46. Bd2 Ka6 47. h6
Kb7 48. Kg5 Kc7 49. Kf6 Bg6 50. Kg7 c4 51. Bc3 Kd6 52. h7 Bxh7 53. Kxh7 {Black
resigns} 1-0  aics%

[Event "Team 45 45 League T30"]
[Site "Internet Chess Club"]
[Date "2006.04.03"]
[Round "2"]
[White "tourettes"]
[Black "andy4226uk"]
[Result "1/2-1/2"]
[WhiteElo "1759"]
[BlackElo "1802"]
[TimeControl "2700+45"]

1. e4 c5 2. Nc3 Nc6 3. g3 g6 4. Bg2 Bg7 5. Nge2 d6 6. O-O Nf6 7. d3 O-O 8. h3
Bd7 9. Be3 Rc8 10. Qd2 a6 11. Bh6 b5 12. Bxg7 Kxg7 13. f4 b4 14. Nd1 e6 15. Ne3
d5 16. e5 Ng8 17. g4 f6 18. exf6+ Nxf6 19. f5 exf5 20. gxf5 Ne7 21. fxg6 Nxg6
22. Nf5+ Bxf5 23. Rxf5 Qd6 24. Raf1 Rce8 25. R1f2 Re5 26. Ng3 Kh8 27. Qg5 Nd7
28. Rxe5 Ndxe5 29. Rxf8+ Nxf8 30. Nf5 Qg6 31. Qxg6 Nfxg6 32. Bxd5 Nf4 33. Bg2 a5
34. Kf2 a4 35. b3 a3 36. d4 cxd4 37. Nxd4 Kg7 38. Bf1 Nd5 39. Ne2 Kf6 40. Bg2
Ne7 41. Be4 h6 42. Nd4 Kg5 43. c4 bxc3 44. Nb5 Kf4 45. Nxc3 N7c6 46. Bxc6 Nxc6
47. Nb5 Nb4 48. Nxa3 h5 49. Nc4 Nxa2 50. Ne3 Nb4 51. Ng2+ Ke4 52. Kg3 Kd4 53.
Nf4 Kc3 54. Nxh5 Kxb3 55. Nf6 Nc6 56. h4 Ne5 57. h5 Kc4 58. Kf4 Nf7 59. Kf5 Kc5
60. Kg6 Ne5+ 61. Kg7 Kd6 62. h6 Ke6 63. h7 Nf7 64. Ng4 Ke7 65. Nh6 Nh8 66. Ng8+
Ke8 67. Nf6+ Ke7 68. Kxh8 Kf8 69. Ng8 Kf7 70. Nh6+ Kf8 71. Nf5 Kf7 72. Ne7 Kf8
73. Nc8 Kf7 74. Na7 Kf8 {Game drawn by mutual agreement} 1/2-1/2  aics%

[Event "Team 45 45 League T30"]
[Site "Internet Chess Club"]
[Date "2006.04.02"]
[Round "2"]
[White "crankn8tr"]
[Black "boozehound"]
[Result "1-0"]
[WhiteElo "1613"]
[BlackElo "1575"]
[TimeControl "2700+45"]

1. e4 c5 2. Nf3 e6 3. d4 cxd4 4. Nxd4 Nf6 5. Nc3 Nc6 6. Be3 a6 7. g4 d6 8. g5
Nd7 9. Qd2 e5 10. Nf5 Nc5 11. O-O-O Bxf5 12. exf5 Qa5 13. Kb1 O-O-O 14. f6 Ne6
15. Qd5 Qc7 16. Bh3 Re8 17. Qb3 Kb8 18. Bb6 Qd7 19. Nd5 Na7 20. Bc7+ Ka8 21.
Nb6# {Black checkmated} 1-0  aics%

[Event "Team 45 45 League T30"]
[Site "Internet Chess Club"]
[Date "2006.03.31"]
[Round "2"]
[White "Fredbob"]
[Black "DTK"]
[Result "0-1"]
[WhiteElo "2092"]
[BlackElo "2154"]
[TimeControl "2700+45"]

1. e4 e6 2. d4 d5 3. Nc3 Nf6 4. e5 Nfd7 5. f4 c5 6. Nf3 Nc6 7. Be3 cxd4 8. Nxd4
Bc5 9. Qd2 O-O 10. O-O-O a6 11. Qf2 Bxd4 12. Bxd4 b5 13. Bd3 b4 14. Ne2 a5 15.
Qf3 Ba6 16. Qh5 Bxd3 17. Rxd3 Qc7 18. Rh3 h6 19. Kb1 Rfc8 20. Rc1 Nxd4 21. Nxd4
Qc4 22. Rd1 a4 23. g4 Nc5 24. g5 b3 25. Rc3 bxa2+ 26. Ka1 Qb4 27. gxh6 Rcb8 28.
Nb3 a3 29. Qg5 axb2+ 30. Kxb2 Qxc3+ 31. Kxc3 Ne4+ 32. Kb2 Nxg5 33. fxg5 a1=Q+
34. Rxa1 Rxa1 35. Kxa1 gxh6 36. gxh6 Kh7 37. Kb2 Kxh6 38. Kc3 Rc8+ 39. Kd3 Kg6
40. Nd4 Rh8 41. Nf3 Rh3 42. Ke2 Kf5 43. Kf2 Kf4 {White resigns} 0-1  aics%

[Event "Team 45 45 League T30"]
[Site "Internet Chess Club"]
[Date "2006.04.08"]
[Round "2"]
[White "BaroneRosso"]
[Black "RameshB"]
[Result "1-0"]
[WhiteElo "2033"]
[BlackElo "1960"]
[TimeControl "2700+45"]

1. d4 d5 2. c4 e6 3. Nf3 Nf6 4. Bg5 Be7 5. Nc3 O-O 6. e3 Re8 7. Rc1 c6 8. Bd3
Nbd7 9. O-O h6 10. Bh4 dxc4 11. Bxc4 Nd5 12. Bxe7 Qxe7 13. Ne4 N5b6 14. Bb3 e5
15. dxe5 Nxe5 16. Nxe5 Qxe5 17. Nd6 Re7 18. Nxf7 Rxf7 19. Qd8+ Kh7 20. Bxf7 Bf5
21. Qd4 Qe7 22. Bb3 Rd8 23. Qc3 Qg5 24. Bc2 g6 25. Bxf5 Qxf5 26. Qc2 Qf6 27.
Rcd1 Rf8 28. Qc3 Qf5 29. Qd3 Qf6 30. Qd6 Qg7 31. b3 Rf7 32. Qd4 Qf8 33. Qb2 Nd5
34. h3 a6 35. a3 h5 36. b4 Qe7 37. Qd4 Qg5 38. a4 Qe7 39. b5 axb5 40. axb5 Qg5
41. bxc6 bxc6 42. Qc5 Qf6 43. Rc1 Rc7 44. Rfd1 Rf7 45. Rd2 Ne7 46. Qd6 Qg5 47.
Rc5 Nf5 48. Qxc6 Qh4 49. Qe6 Nh6 50. g3 Qb4 51. Rcd5 Qb1+ 52. Kg2 Qb7 53. Kh2 h4
54. Rd7 hxg3+ 55. fxg3 Qf3 56. Rxf7+ Nxf7 57. Qd5 Qf6 58. Kg2 Ng5 59. Rf2 Qe7
60. h4 Qe4+ 61. Qxe4 Nxe4 62. Rf7+ Kh6 63. Re7 Nf6 64. Kf3 Kh5 65. e4 g5 66. Re5
{Black resigns} 1-0  aics% 



MaX40(71): viktor
aics%

[Event "ICC 45 45"]
[Site "Internet Chess Club"]
[Date "2006.04.01"]
[Round "2"]
[White "narog"]
[Black "camembert"]
[Result "0-1"]
[WhiteElo "1916"]
[BlackElo "1919"]
[TimeControl "2700+45"]

1. d4 Nf6 2. Bf4 c5 3. e3 Qb6 4. Nf3 Qxb2 5. Nbd2 d5 6. Bc7 c4 7. Be2 Bf5 8. Rb1
Qxa2 9. Rxb7 Na6 10. Bg3 e6 11. O-O Bxc2 12. Qa1 Qxa1 13. Rxa1 Nb4 14. Raxa7
Rxa7 15. Rxa7 Nc6 16. Ra8+ Kd7 17. Ng5 c3 18. Ndf3 Bg6 19. Ne5+ Nxe5 20. Bxe5
Bc5 21. Bb5+ Ke7 22. Bd6+ Bxd6 23. Ra7+ Kd8 24. Ba4 Rg8 25. f3 Bb8 26. Rb7 Kc8
27. Rb3 c2 28. Rc3+ Kb7 29. Bxc2 Bxc2 30. Rxc2 Rf8 31. g3 h6 32. Nh3 Rc8 33.
Rb2+ Kc7 34. Nf2 Kd7 35. Kf1 Bd6 36. Ke2 Rb8 37. Ra2 e5 38. dxe5 Bxe5 39. Nd3
Bd6 40. Ra7+ Ke6 41. Ra6 Rc8 42. Kd2 g5 43. h3 Nd7 44. Nb4 Nc5 45. Rb6 Rb8 46.
Rxb8 Bxb8 47. Nc6 Bxg3 {White resigns} 0-1  aics%

[Event "Team 45 45 League T30"]
[Site "Internet Chess Club"]
[Date "2006.03.30"]
[Round "2"]
[White "matein7"]
[Black "Qualm"]
[Result "1-0"]
[WhiteElo "1953"]
[BlackElo "1832"]
[TimeControl "2700+45"]

1. d4 c5 2. e3 Nf6 3. Nf3 d5 4. Be2 Nc6 5. O-O e6 6. c4 cxd4 7. exd4 Be7 8. Nc3
O-O 9. Re1 dxc4 10. Bxc4 Nb4 11. Bg5 Nbd5 12. Qb3 Re8 13. Ne5 Nb6 14. Bb5 Bd7
15. Nxd7 Nfxd7 16. Bf4 Bf6 17. Rad1 Qe7 18. Ne4 Red8 19. Bd6 Qe8 20. Nxf6+ gxf6
21. d5 e5 22. Qh3 a6 23. Bd3 Nf8 24. Bxf8 Kxf8 25. Qh6+ Ke7 26. f4 Nxd5 27. fxe5
f5 28. Bxf5 Qb5 29. e6 f6 30. Qg7+ Kd6 31. Qxf6 Kc7 32. Qe5+ Kb6 33. e7 Nxe7 34.
Qxb5+ axb5 35. Rxd8 Rxd8 36. Rxe7 {Black resigns} 1-0  aics%